cohdb
Replays
Latest Replays
All Replays
Popular Replays
Top Player Replays
Match Explorer
How It Works
Community
CoH3 Stats
Reddit
Sign in to upload your games and track your stats! →
Sign in with Steam
Match 45687939
Unlisted
Match 45687939
Overview
Messages
Build Orders
End
Scout Squad
Construct Barracks
Riflemen Squad
Riflemen Squad
Construct Weapon Support Center
Grenade Package
M1919 Machine Gun Team
Selects Heavy Weapons
Selects M2HB .50cal Heavy Machine Gun
M1919 Machine Gun Team
Mechanized Support Center
M3 Armored Personnel Carrier
Selects Assault Carriers
Selects Exchangeable Parts
M3 Assault Carrier
M3 Assault Carrier
Engineer Squad
Designate Forward Repair Station
Construct Tank Depot
Improvised Armor
M18 Hellcat Tank Destroyer
M3 Assault Carrier
Selects M26 Pershing Heavy Tank
Bazooka Squad
Bazooka Squad
Riflemen Squad
Rapid Repairs
M26 Pershing Heavy Tank
Selects Rapid Reposition
M1918 Browning Automatic Rifles
Selects Black Dragon Artillery Barrage
Der schöne Bob
Hans Vader
gunther09 Nürnberg
Der Fuerst
Eisbecher
[14e]tuveuxdugateaux
Cpt Racks
water
0
0
Comments
sign in to comment!
No comments posted yet!